 Dungeon Crawl Stone Soup version 0.21-a0-516-gaaff437 (webtiles) character file.

20 Laiders the Insei (level 2, 0/18 HPs)
             Began as a Merfolk Transmuter on Dec 4, 2017.
             Succumbed to a kobold's poison
             ... on level 1 of the Dungeon.
             The game lasted 00:01:01 (571 turns).

Laiders the Insei (Merfolk Transmuter)               Turns: 571, Time: 00:01:02

Health: 0/18       AC:  2    Str: 10    XL:     2   Next: 79%
Magic:  5/5        EV: 13    Int: 12    God:
Gold:   16         SH:  0    Dex: 14    Spells: 2/5 levels left

rFire    . . .     SeeInvis .     - Unarmed
rCold    . . .     Gourm    .   (no shield)
rNeg     . . .     Faith    .   b - +0 robe
rPois    .         Spirit   .   (no helmet)
rElec    .         Reflect  .   (no cloak)
rCorr    .         Harm     .   (no gloves)
MR       .....                  (no boots)
Stlth    +.........             (no amulet)
HPRegen  0.06/turn              (no ring)
MPRegen  0.09/turn              (no ring)

@: lethally poisoned (0 -> -27), flying, hasted, very quick
A: change form in water, swift swim, stealthy swim, frail 1
a: no special abilities


You were on level 1 of the Dungeon.
You were not hungry.

You visited 1 branch of the dungeon, and saw 1 of its levels.

You collected 16 gold pieces.

Inventory:

Missiles
 a - 36 arrows
Armour
 b - a +0 robe (worn)
Scrolls
 e - a scroll of teleportation {unknown}
 f - a scroll of identify {unknown}
Potions
 h - a potion of flight
Books
 c - a book of Changes

   Spells                             Type                      Level
   a - Beastly Appendage              Transmutation                1
   b - Sticks to Snakes               Transmutation                2
   c - Spider Form                    Transmutation/Poison         3
   d - Ice Form                       Ice/Transmutation            4
   e - Blade Hands                    Transmutation                5
Comestibles
 d - a bread ration
 g - a meat ration
 i - 3 fruits
 k - 2 chunks of flesh


   Skills:
 - Level 1.1 Fighting
 - Level 2.6 Dodging
 + Level 3.8 Unarmed Combat
 - Level 2.0 Spellcasting
 + Level 3.6 Transmutations


You had 2 spell levels left.
You knew the following spells:

 Your Spells              Type           Power        Failure   Level  Hunger
a - Beastly Appendage     Tmut           #.....       6%          1    ##.....
b - Sticks to Snakes      Tmut           #.......     10%         2    ###....


Dungeon Overview and Level Annotations

Branches:
Dungeon (1/15)

Altars:


Innate Abilities, Weirdness & Mutations

You revert to your normal form in water.
You are very nimble and swift while swimming.
You are very stealthy in the water. (Stealth+)
You are frail. (-10% HP)


Message History

* * * LOW HITPOINT WARNING * * *
You feel sick.
The kobold throws a stone.
The stone hits you but does no damage.
You see here a stone.
* * * LOW HITPOINT WARNING * * *
You feel sick.
You see here a stone.
It was a potion of flight.
You feel very buoyant.
You fly up into the air.
The kobold hits you but does no damage.
You are more poisoned.
It was a potion of haste.
You feel yourself speed up.
* * * LOW HITPOINT WARNING * * *
You feel sick.
The kobold hits you with a short sword of venom.
* * * LOW HITPOINT WARNING * * *
You are more poisoned.
It was a potion of mutation.
You feel extremely strange.
You feel frail.
You feel weaker.
You feel stronger.
You die...

#.##.#... #....#.. .
####..#.#.###'#
.............#.###
#.##>.............
#.....(..#.....#..
#.##.#.K(#........ ..
#......K.......#.#
..##
####.##@#...#....#
....
#.##.#.)......##.##..
................ ....
..##.......#..# #..
####.#.....## #.
#.#..##..#####.
#...........##.
####........##.
#...........


You could see 2 kobolds.

Vanquished Creatures
  An ooze (D:1)
  A leopard gecko (D:1)
  2 giant cockroaches (D:1)
  6 goblins (D:1)
  A kobold (D:1)
  A rat (D:1)
12 creatures vanquished.

Notes
Turn   | Place    | Note
-------+----------+-------------------------------------------
     0 | D:1      | Laiders the Merfolk Transmuter began the quest for the Orb.
     0 | D:1      | Reached XP level 1. HP: 15/15 MP: 3/3
    87 | D:1      | Reached XP level 2. HP: 12/21 MP: 5/5
   100 | D:1      | Learned a level 2 spell: Sticks to Snakes
   571 | D:1      | Gained mutation: You are frail. (-10% HP) [potion of mutation]
   571 | D:1      | Gained mutation: You are weak. (Str -2) [potion of mutation]
   571 | D:1      | Lost mutation: You are weak. (Str -2) [potion of mutation]
   571 | D:1      | Succumbed to a kobold's poison

Vault maps used:
D:1:      arrival_zaba_pyramid

Skill      XL: |  1 |
---------------+----+-----
Transmutations | 3 |  3.6
Fighting       | |  1.1
Dodging        | |  2.6
Unarmed Combat | |  3.8
Spellcasting   | |  2.0

Action                   || total
-------------------------++-------
Melee: Unarmed           ||    46
  Use: Potion            ||     3
Armor: Robe              ||     6
Dodge: Dodged            ||    43

Table legend:
 A = Spawn XP
 B = Non-spawn XP
 C = Spawn XP percentage of total XP
 D = Spawn monster count
 E = Non-spawn monster count
 F = Spawn count percentage of total count
 G = Total turns spent on level
                    A         B        C        D         E        F      G
               +---------+---------+-------+---------+---------+-------+---------
         Total |       0 |      29 |   0.0 |       0 |      12 |   0.0 |   571
               +---------+---------+-------+---------+---------+-------+---------
           D:1 |       0 |      29 |   0.0 |       0 |      12 |   0.0 |   571
               +---------+---------+-------+---------+---------+-------+---------
